| TOP OF THE 1ST |
|
Gastonia Rockets batting - Pitching for Spartanburg Spartans : LHP Michael Bungarz
|
|
Pitching: LHP Michael Bungarz
|
|
|
Batting: SHB Billy Heimach
|
0-0: Ball 1-0: Ball 2-0: Ball 3-0: Called Strike 3-1: Ground out 6-3 (Groundball, 6, EV 83.1 MPH)
|
|
Batting: RHB Jackie Wright
|
0-0: Swinging Strike 0-1: Foul Ball, location: 2F 0-2: Ball 1-2: Foul Ball, location: 2F 1-2: Foul Ball, location: 2F 1-2: Foul Ball, location: 2F 1-2: Ball 2-2: Ground out 5-3 (Groundball, 56, EV 77.5 MPH)
|
|
Batting: RHB James Crawford
|
0-0: Called Strike 0-1: Ball 1-1: Ground out 4-3 (Groundball, 4M, EV 88.1 MPH)
|
| Top of the 1st over - 0 runs, 0 hits, 0 errors, 0 left on base; Gastonia 0 - Spartanburg 0 |
| BOTTOM OF THE 1ST |
|
Spartanburg Spartans batting - Pitching for Gastonia Rockets : RHP Ricardo Aponte
|
|
Pitching: RHP Ricardo Aponte
|
|
|
Batting: SHB Michael Vanderburg
|
0-0: Ball 1-0: Called Strike 1-1: Ball 2-1: Swinging Strike 2-2: Ball 3-2: Foul Ball, location: 2F 3-2: Fly out, F8 (Flyball, 8RM, EV 88.8 MPH)
|
|
Batting: RHB Van Sowards
|
0-0: Swinging Strike 0-1: Ball 1-1: Ball 2-1: Ball 3-1: Base on Balls
|
|
Batting: RHB Gib Seibert
|
0-0: Swinging Strike 0-1: Ball 1-1: Ball 2-1: Called Strike 2-2: SINGLE (Groundball, 56D, EV 94.4 MPH) Van Sowards to second
|
|
Batting: LHB John Hennell
|
0-0: Foul Ball, location: 2F 0-1: Ball 1-1: DOUBLE (Flyball, 89XD, EV 104.4 MPH) Van Sowards scores Gib Seibert to third Runner from 3rd tries for Home, SAFE, no throw by RF
|
|
Batting: RHB Vincent Martelli
|
0-0: Called Strike 0-1: Ball 1-1: Ground out 5-3 (Groundball, 56, EV 101.9 MPH)
|
|
Batting: LHB Ross Kingsley
|
0-0: Ball 1-0: Called Strike 1-1: Ball 2-1: Ball 3-1: Foul Ball, location: 2F 3-2: Fly out, F5 (Flyball, 56D, EV 82.5 MPH)
|
| Bottom of the 1st over - 2 runs, 2 hits, 0 errors, 1 left on base; Gastonia 0 - Spartanburg 2 |
| TOP OF THE 2ND |
|
Gastonia Rockets batting - Pitching for Spartanburg Spartans : LHP Michael Bungarz
|
|
Batting: RHB Pat Dumouchelle
|
0-0: Called Strike 0-1: Ball 1-1: Called Strike 1-2: Strikes out swinging
|
|
Batting: LHB Reginald Thomas
|
0-0: Called Strike 0-1: Swinging Strike 0-2: Ball 1-2: Fly out, F3 (Popup, 3S, EV 62.5 MPH)
|
|
Batting: RHB Glenn Jones
|
0-0: Called Strike 0-1: Foul Ball, location: 2F 0-2: Foul Ball, location: 2F 0-2: Ball 1-2: Fly out, F3 (Popup, 3SF, EV 78.8 MPH)
|
| Top of the 2nd over - 0 runs, 0 hits, 0 errors, 0 left on base; Gastonia 0 - Spartanburg 2 |
| BOTTOM OF THE 2ND |
|
Spartanburg Spartans batting - Pitching for Gastonia Rockets : RHP Ricardo Aponte
|
|
Batting: RHB Ron Dillard
|
0-0: Foul Ball, location: 2F 0-1: Ball 1-1: Swinging Strike 1-2: Ball 2-2: Ball 3-2: Base on Balls
|
|
Batting: RHB Rigo Rodriguez
|
0-0: Ball 1-0: Called Strike 1-1: Called Strike 1-2: Ball 2-2: Foul Ball, location: 2F 2-2: SINGLE (Groundball, 6D, EV 105.0 MPH) Ron Dillard to second
|
|
Batting: LHB Ronn Van Krevelen
|
0-0: Ball 1-0: Ball 2-0: SINGLE (Groundball, 6D, EV 102.5 MPH) Ron Dillard to third Rigo Rodriguez to second Runner from 3rd tries for Home, SAFE, throw by CF to home
|
|
Batting: SHB Michael Vanderburg
|
0-0: Swinging Strike 0-1: Fly out, F8 (Flyball, 78D, EV 93.8 MPH)
|
|
Batting: RHB Van Sowards
|
0-0: Called Strike 0-1: Foul Ball, location: 2F 0-2: Strikes out looking
|
|
Batting: RHB Gib Seibert
|
0-0: Ball 1-0: Swinging Strike 1-1: Ball 2-1: Swinging Strike 2-2: Ball 3-2: Base on Balls Rigo Rodriguez to third Ronn Van Krevelen to second
|
|
Batting: LHB John Hennell
|
0-0: Ball 1-0: Ball 2-0: Foul Ball, location: 2F 2-1: Ball 3-1: Called Strike 3-2: Base on Balls Rigo Rodriguez scores Ronn Van Krevelen to third Gib Seibert to second
|
|
Batting: RHB Vincent Martelli
|
0-0: Fielders Choice at 2nd, 6-4 (Groundball, 6, EV 102.5 MPH)
|
| Bottom of the 2nd over - 2 runs, 2 hits, 0 errors, 3 left on base; Gastonia 0 - Spartanburg 4 |
| TOP OF THE 3RD |
|
Gastonia Rockets batting - Pitching for Spartanburg Spartans : LHP Michael Bungarz
|
|
Batting: LHB Dale Holman
|
0-0: Ball 1-0: SINGLE (Line Drive, 8LS, EV 105.6 MPH)
|
|
Batting: RHB Donald Murelli
|
0-0: Swinging Strike 0-1: Fly out, F8 (Flyball, 89M, EV 96.9 MPH)
|
|
Batting: RHB Kurt Kingsolver
|
0-0: Ball 1-0: SINGLE (Groundball, 56D, EV 97.5 MPH) Dale Holman to second
|
|
Batting: SHB Billy Heimach
|
0-0: Grounds into double play, 4-6-3 (Groundball, 4S, EV 86.3 MPH)
|
| Top of the 3rd over - 0 runs, 2 hits, 0 errors, 1 left on base; Gastonia 0 - Spartanburg 4 |
| BOTTOM OF THE 3RD |
|
Spartanburg Spartans batting - Pitching for Gastonia Rockets : RHP Ricardo Aponte
|
|
Batting: LHB Ross Kingsley
|
0-0: Ball 1-0: Swinging Strike 1-1: Ball 2-1: Called Strike 2-2: Foul Ball, location: 2F 2-2: Ball 3-2: Foul Ball, location: 2F 3-2: Foul Ball, location: 2F 3-2: Ground out U3 (Groundball, 3, EV 97.5 MPH)
|
|
Batting: RHB Ron Dillard
|
0-0: Called Strike 0-1: Ground out U3 (Groundball, 34, EV 102.5 MPH)
|
|
Batting: RHB Rigo Rodriguez
|
0-0: Ball 1-0: Ball 2-0: Fly out, F8 (Line Drive, 8LD, EV 96.3 MPH)
|
| Bottom of the 3rd over - 0 runs, 0 hits, 0 errors, 0 left on base; Gastonia 0 - Spartanburg 4 |
| TOP OF THE 4TH |
|
Gastonia Rockets batting - Pitching for Spartanburg Spartans : LHP Michael Bungarz
|
|
Batting: RHB Jackie Wright
|
0-0: Foul Ball, location: 2F 0-1: Ball 1-1: Ball 2-1: Foul Ball, location: 2F 2-2: Strikes out swinging
|
|
Batting: RHB James Crawford
|
0-0: Ground out 6-3 (Groundball, 56, EV 101.3 MPH)
|
|
Batting: RHB Pat Dumouchelle
|
0-0: Ball 1-0: Ball 2-0: Fly out, F8 (Flyball, 8LXD, EV 108.8 MPH)
|
| Top of the 4th over - 0 runs, 0 hits, 0 errors, 0 left on base; Gastonia 0 - Spartanburg 4 |
| BOTTOM OF THE 4TH |
|
Spartanburg Spartans batting - Pitching for Gastonia Rockets : RHP Ricardo Aponte
|
|
Batting: LHB Ronn Van Krevelen
|
0-0: Called Strike 0-1: Called Strike 0-2: Fly out, F9 (Flyball, 89D, EV 98.1 MPH)
|
|
Batting: SHB Michael Vanderburg
|
0-0: Ball 1-0: Fly out, F2 (Popup, 2RF, EV 93.8 MPH)
|
|
Batting: RHB Van Sowards
|
0-0: Ball 1-0: Foul Ball, location: 2F 1-1: Ball 2-1: Foul Ball, location: 2F 2-2: SINGLE (Groundball, 4MD, EV 106.9 MPH)
|
|
Batting: RHB Gib Seibert
|
0-0: Ball 1-0: Called Strike 1-1: Swinging Strike 1-2: Ball 2-2: Strikes out swinging
|
| Bottom of the 4th over - 0 runs, 1 hit, 0 errors, 1 left on base; Gastonia 0 - Spartanburg 4 |
| TOP OF THE 5TH |
|
Gastonia Rockets batting - Pitching for Spartanburg Spartans : LHP Michael Bungarz
|
|
Batting: LHB Reginald Thomas
|
0-0: Called Strike 0-1: Called Strike 0-2: Ball 1-2: Foul Ball, location: 2F 1-2: SINGLE (Line Drive, 9, EV 108.1 MPH)
|
|
Batting: RHB Glenn Jones
|
0-0: Ball 1-0: Ball 2-0: Called Strike 2-1: Ball 3-1: Swinging Strike 3-2: Base on Balls Reginald Thomas to second
|
|
Batting: LHB Dale Holman
|
0-0: Swinging Strike 0-1: Ball 1-1: Foul Ball, location: 2F 1-2: Strikes out swinging
|
|
Batting: RHB Donald Murelli
|
0-0: Called Strike 0-1: Foul Ball, location: 2F 0-2: Fielders Choice at 2nd, 6-4 (Groundball, 6, EV 85.6 MPH) Reginald Thomas to third
|
|
Batting: RHB Kurt Kingsolver
|
0-0: Foul Ball, location: 2F 0-1: Swinging Strike 0-2: Ball 1-2: Strikes out swinging
|
| Top of the 5th over - 0 runs, 1 hit, 0 errors, 2 left on base; Gastonia 0 - Spartanburg 4 |
| BOTTOM OF THE 5TH |
|
Spartanburg Spartans batting - Pitching for Gastonia Rockets : RHP Ricardo Aponte
|
|
Batting: LHB John Hennell
|
0-0: Fly out, F7 (Flyball, 7LM, EV 88.8 MPH)
|
|
Batting: RHB Vincent Martelli
|
0-0: Ball 1-0: Called Strike 1-1: Ball 2-1: Called Strike 2-2: Ball 3-2: Foul Ball, location: 2F 3-2: Ground out 6-3 (Groundball, 6M, EV 101.3 MPH)
|
|
Batting: LHB Ross Kingsley
|
0-0: Swinging Strike 0-1: Ball 1-1: Foul Ball, location: 2F 1-2: Ball 2-2: Fly out, F9 (Flyball, 89D, EV 100.6 MPH)
|
| Bottom of the 5th over - 0 runs, 0 hits, 0 errors, 0 left on base; Gastonia 0 - Spartanburg 4 |
| TOP OF THE 6TH |
|
Gastonia Rockets batting - Pitching for Spartanburg Spartans : LHP Michael Bungarz
|
|
Batting: SHB Billy Heimach
|
0-0: Called Strike 0-1: Ball 1-1: Ball 2-1: Ground out 6-3 (Groundball, 6, EV 83.8 MPH)
|
|
Batting: RHB Jackie Wright
|
0-0: Foul Ball, location: 2F 0-1: Ball 1-1: Fly out, F4 (Popup, 4M, EV 56.9 MPH)
|
|
Batting: RHB James Crawford
|
0-0: Ball 1-0: Foul Ball, location: 2F 1-1: Ball 2-1: SINGLE (Line Drive, 4MD, EV 105.0 MPH)
|
|
Batting: RHB Pat Dumouchelle
|
0-0: Ball 1-0: DOUBLE (Groundball, 5L, EV 106.3 MPH) James Crawford to third Runner from 3rd tries for Home, SAFE, throw by LF to home
|
|
Batting: LHB Reginald Thomas
|
0-0: Ball 1-0: Foul Ball, location: 2F 1-1: Foul Ball, location: 2F 1-2: Strikes out swinging
|
| Top of the 6th over - 1 run, 2 hits, 0 errors, 1 left on base; Gastonia 1 - Spartanburg 4 |
| BOTTOM OF THE 6TH |
|
Spartanburg Spartans batting - Pitching for Gastonia Rockets : RHP Ricardo Aponte
|
|
Pitching: LHP Carlos Arroyo
|
|
|
Batting: RHB Ron Dillard
|
0-0: Foul Ball, location: 2F 0-1: Ball 1-1: Ground out 5-3 (Groundball, 56, EV 85.6 MPH)
|
|
Batting: RHB Rigo Rodriguez
|
0-0: Ground out 4-3 (Groundball, 4, EV 88.8 MPH)
|
|
Batting: LHB Ronn Van Krevelen
|
0-0: Ball 1-0: SINGLE (Groundball, 5D, EV 101.9 MPH)
|
|
Batting: SHB Michael Vanderburg
|
0-0: Ball 1-0: Ball 2-0: Ball 3-0: Called Strike 3-1: Foul Ball, location: 2F 3-2: Base on Balls Ronn Van Krevelen to second
|
|
Batting: RHB Van Sowards
|
0-0: Swinging Strike 0-1: Called Strike 0-2: Foul Ball, location: 2F 0-2: Reached on error, E4 (Groundball, 34, EV 103.1 MPH) Ronn Van Krevelen to third Michael Vanderburg to second
|
|
Batting: RHB Gib Seibert
|
0-0: Swinging Strike 0-1: SINGLE (Groundball, 6MD, EV 99.4 MPH) Ronn Van Krevelen scores Michael Vanderburg to third Van Sowards to second Throwing error, E8 Michael Vanderburg scores Van Sowards to third Gib Seibert to second
|
|
Batting: LHB John Hennell
|
0-0: Ball 1-0: Ball 2-0: Foul Ball, location: 2F 2-1: Called Strike 2-2: Foul Ball, location: 2F 2-2: Fly out, F7 (Flyball, 7S, EV 96.9 MPH)
|
| Bottom of the 6th over - 2 runs, 2 hits, 2 errors, 2 left on base; Gastonia 1 - Spartanburg 6 |
| TOP OF THE 7TH |
|
Gastonia Rockets batting - Pitching for Spartanburg Spartans : LHP Michael Bungarz
|
|
Batting: RHB Glenn Jones
|
0-0: Ground out 4-3 (Groundball, 4M, EV 91.9 MPH)
|
|
Batting: LHB Dale Holman
|
0-0: SINGLE (Line Drive, 7LS, EV 108.8 MPH)
|
|
Batting: RHB Donald Murelli
|
0-0: Foul Ball, location: 2F 0-1: Swinging Strike Dale Holman steals 2nd base 0-2: SINGLE (Flyball, 9LS, EV 99.4 MPH) Dale Holman to third Runner from 3rd tries for Home, SAFE, throw by RF to home Donald Murelli to second
|
|
Batting: RHB Kurt Kingsolver
|
0-0: Called Strike 0-1: Called Strike 0-2: Ball 1-2: Ball 2-2: Ground out 6-3 (Groundball, 6, EV 92.5 MPH)
|
|
Pitching: LHP Michael Finch
|
|
|
Batting: SHB Billy Heimach
|
0-0: Called Strike 0-1: Called Strike 0-2: Strikes out swinging
|
| Top of the 7th over - 1 run, 2 hits, 0 errors, 1 left on base; Gastonia 2 - Spartanburg 6 |
| BOTTOM OF THE 7TH |
|
Spartanburg Spartans batting - Pitching for Gastonia Rockets : LHP Carlos Arroyo
|
|
Batting: RHB Vincent Martelli
|
0-0: Ball 1-0: Foul Ball, location: 2F 1-1: Ball 2-1: Called Strike 2-2: Ball 3-2: SOLO HOME RUN (Flyball, 7LD, EV 92.5 MPH), Distance : 359 ft
|
|
Batting: LHB Ross Kingsley
|
0-0: Called Strike 0-1: Foul Ball, location: 2F 0-2: Ball 1-2: Ball 2-2: Ball 3-2: Foul Ball, location: 2F 3-2: Foul Ball, location: 2F 3-2: Ground out 4-3 (Groundball, 4, EV 86.9 MPH)
|
|
Batting: RHB Ron Dillard
|
0-0: Ball 1-0: Ball 2-0: Called Strike 2-1: Ground out U3 (Groundball, 3S, EV 84.4 MPH)
|
|
Batting: RHB Rigo Rodriguez
|
0-0: Ball 1-0: Foul Ball, location: 2F 1-1: Ball 2-1: Foul Ball, location: 2F 2-2: Fly out, F9 (Flyball, 9LM, EV 93.8 MPH)
|
| Bottom of the 7th over - 1 run, 1 hit, 0 errors, 0 left on base; Gastonia 2 - Spartanburg 7 |
| TOP OF THE 8TH |
|
Gastonia Rockets batting - Pitching for Spartanburg Spartans : LHP Michael Finch
|
|
Batting: RHB Jackie Wright
|
0-0: Called Strike 0-1: Called Strike 0-2: Ball 1-2: Foul Ball, location: 2F 1-2: Foul Ball, location: 2F 1-2: Fly out, F7 (Flyball, 7, EV 89.4 MPH)
|
|
Batting: RHB James Crawford
|
0-0: Called Strike 0-1: Ball 1-1: Ground out 5-3 (Groundball, 56S, EV 85.0 MPH)
|
|
Batting: RHB Pat Dumouchelle
|
0-0: Called Strike 0-1: Swinging Strike 0-2: Ball 1-2: Strikes out looking
|
| Top of the 8th over - 0 runs, 0 hits, 0 errors, 0 left on base; Gastonia 2 - Spartanburg 7 |
| BOTTOM OF THE 8TH |
|
Spartanburg Spartans batting - Pitching for Gastonia Rockets : LHP Carlos Arroyo
|
|
Pitching: RHP Thomas DeRosa
|
|
|
Batting: LHB Ronn Van Krevelen
|
0-0: Ball 1-0: Ball 2-0: Called Strike 2-1: Foul Ball, location: 2F 2-2: SOLO HOME RUN (Line Drive, 9LD, EV 100.0 MPH), Distance : 365 ft
|
|
Batting: SHB Michael Vanderburg
|
0-0: Called Strike 0-1: Ball 1-1: Foul Ball, location: 2F 1-2: DOUBLE (Line Drive, 89D, EV 108.1 MPH)
|
|
Batting: RHB Van Sowards
|
0-0: Ball 1-0: Ball 2-0: Ball 3-0: Called Strike 3-1: Base on Balls
|
|
Batting: RHB Gib Seibert
|
0-0: Called Strike 0-1: Ball 1-1: Called Strike 1-2: Ball 2-2: Strikes out swinging
|
|
Batting: LHB John Hennell
|
0-0: Foul Ball, location: 2F 0-1: Ball 1-1: Fly out, F8 (Flyball, 8RS, EV 93.1 MPH)
|
|
Batting: RHB Vincent Martelli
|
0-0: Swinging Strike 0-1: Ball 1-1: Fielders Choice at 2nd, 6-4 (Groundball, 6, EV 99.4 MPH)
|
| Bottom of the 8th over - 1 run, 2 hits, 0 errors, 2 left on base; Gastonia 2 - Spartanburg 8 |
| TOP OF THE 9TH |
|
Gastonia Rockets batting - Pitching for Spartanburg Spartans : LHP Michael Finch
|
|
Batting: LHB Reginald Thomas
|
0-0: Called Strike 0-1: Swinging Strike 0-2: Strikes out swinging
|
|
Batting: RHB Glenn Jones
|
0-0: Foul Ball, location: 2F 0-1: Called Strike 0-2: Ball 1-2: Ball 2-2: DOUBLE (Flyball, 8LXD, EV 106.9 MPH)
|
|
Batting: LHB Dale Holman
|
0-0: Foul Ball, location: 2F 0-1: Called Strike 0-2: Foul Ball, location: 2F 0-2: Ball 1-2: Foul Ball, location: 2F 1-2: 2-RUN HOME RUN (Flyball, 78XD, EV 95.6 MPH), Distance : 431 ft
|
|
Batting: RHB Donald Murelli
|
0-0: Ball 1-0: Called Strike 1-1: Ball 2-1: Foul Ball, location: 2F 2-2: Fly out, F6 (Flyball, 56D, EV 73.1 MPH)
|
|
Batting: RHB Kurt Kingsolver
|
0-0: Fly out, F8 (Flyball, 8RD, EV 100.6 MPH)
|
| Top of the 9th over - 2 runs, 2 hits, 0 errors, 0 left on base; Gastonia 4 - Spartanburg 8 |
|